 Dungeon Sprint DCSS version 0.31-a0-965-g8a8ce12e04 (webtiles) character file.

Game seed: 6257598867545989853

1397 rocky1 the Grappler (level 8, -14/69 HPs)
             Began as a Naga Shapeshifter on Oct 27, 2023.
             Was an Initiate of Gozag.
             Hit by a large rock thrown by a cyclops (34 damage)
             ... in the Dungeon (Sprint VII: "The Pits").
             The game lasted 00:03:58 (2185 turns).

rocky1 the Grappler (Naga Shapeshifter)             Turns: 2185, Time: 00:04:00

Health: -14/69     AC: 12    Str: 19    XL:     8   Next: 69%
Magic:  8/8        EV:  7    Int: 11    God:    Gozag
Gold:   1395       SH:  0    Dex: 10    Spells: 7/7 levels left

rFire   . .          .
                       - Unarmed
rCold   . . .        (no shield)
rNeg    . . .        t - +4 chain mail
rPois   +            (helmet currently unavailable)
rElec   .            (cloak currently unavailable)
rCorr   .            (gloves currently unavailable)
SInv    +            (no barding)
Will    +....        (no amulet)
Stlth   +            (no ring)
HPRegen 0.31/turn    (no ring)
MPRegen 0.11/turn

%: no teleportation
@: beast-form, very slow
A: beast (slay +4), AC +2, large, see invisible, deformed body, poison
resistance, slowness 2, spit poison 1, naga tail 1
a: Spit Poison, Begin Untransformation, Renounce Religion, Potion Petition, Call
Merchant, Bribe Branch


You were in the Dungeon.
You worshipped Gozag.
Gozag was most pleased with you.
You were a hulking beast.
You visited 1 branch You collected 1395 gold pieces.

Inventory:

Armour
 a - a +0 animal skin
 o - a +3 chain mail
 t - a +4 chain mail (worn)
 u - a +5 ring mail
 v - a +0 cloak
Jewellery
 b - a +3 ring of dexterity
 p - a +3 ring of protection
Talismans
 c - a beast talisman
 d - a flux talisman
Scrolls
 j - a scroll of blinking
 l - 2 scrolls of vulnerability
 m - 5 scrolls of amnesia
 n - a scroll of butterflies
Potions
 e - 7 potions of curing
 f - 5 potions of heal wounds
 g - 2 potions of haste
 h - 4 potions of magic
 i - 4 potions of berserk rage
 k - 2 potions of invisibility
 q - a potion of mutation
 r - a potion of resistance
 s - a potion of might


   Skills:
 + Level 3.2 Fighting
 * Level 5.9 Armour
 + Level 3.8 Dodging
 + Level 7.0 Stealth
 * Level 14.1 Unarmed Combat
 + Level 7.6 Shapeshifting


You had 7 spell levels left.
You didn't know any spells.
Your spell library was empty.

Dungeon Overview and Level Annotations

Branches:
Dungeon (1/1)

Altars:
Ashenzari
Cheibriados
Dithmenos
Elyvilon
Fedhas
Gozag
Hepliaklqana
Kikubaaqudgha
Makhleb
Nemelex Xobeh
Okawaru
Qazlal
Ru
Sif Muna
Trog
Uskayaw
Vehumet
Wu Jian
Xom
Yredelemnul
Zin
The Shining One
Jiyva
Lugonu


Innate Abilities, Weirdness & Mutations

You are a hulking beast.
Your limbs bulge with bestial killing power. (Slay +4)
Your serpentine skin is tough. (AC +2)
You have supernaturally acute eyesight. (SInv)
Armour fits poorly on your strangely shaped body.
Your system is resistant to poisons. (rPois)
You cover ground very slowly.
You can spit poison.
You have a snake-like lower body.


Message History

The fire bat is moderately wounded.
The fire bat bites you but does no damage.
The fire bat bites you.
You are engulfed in flames!
You completely miss the fire bat.
The fire bat is moderately wounded.
The fire bat bites you.
You are engulfed in flames!
The fire bat barely misses you.
You closely miss the fire bat.
The fire bat is moderately wounded.
The fire bat closely misses you.
A swamp drake comes into view.
The swamp drake roars!
The fire bat bites you but does no damage.
A cyclops comes into view.
The fire bat bites you.
You are engulfed in flames!
The fire bat bites you but does no damage.
The cyclops throws a large rock.
The large rock barely misses you.
The fire bat bites you but does no damage.
The swamp drake breathes poison at you.
The noxious blast engulfs you but does no damage.
You resist.
The fire bat is engulfed in noxious fumes.
The fire bat appears confused.
The fire bat is engulfed in noxious fumes.
The fire bat appears confused.
The fire bat is engulfed in noxious fumes.
The fire bat appears confused.
The cyclops throws a large rock.
The large rock hits you!!
* * * LOW HITPOINT WARNING * * *
The fire bat is engulfed in noxious fumes.
The fire bat appears confused.
You feel better.
The fire bat is engulfed in noxious fumes.
The fire bat appears confused.
The fire bat is engulfed in noxious fumes.
The fire bat appears confused.
The fire bat bites you but does no damage.
The cyclops throws a large rock.
The large rock hits you!!
You die...
Your body crumbles into a pile of gold.

####'##................#
)))'.##......#..#......#
####.##................+
......'................+
#'#####......#..#......#
#)#.[##................#
#.#))#####'#####''######
'.#))##.......##°°#
###))##.......##hb#
..#..##.......##°°#
..#'###...<...##°°#
.....##.......##°°#
.....##.......##k.#
#######.......##...
..#..###########..C.
..#.############...#
..#.#....#..[.##..##


You could see a cyclops, a swamp drake (catching breath) and a fire bat
(confused).

Vanquished Creatures
  A shadow wraith (D)
  A komodo dragon (D)
  A glass eye (D)
  A water moccasin (D)
  A necrophage (D)
  2 crimson imps (D)
  2 quasits (D)
  An orc priest (D)
  2 orc wizards (D)
  A gnoll (D)
  A river rat (D)
  An ufetubus (D)
  An adder skeleton (D)
  A worm (D)
  3 orcs (D)
  A bat zombie (D)
  An endoplasm (D)
  A goblin (D)
  2 jackals (D)
  A quokka zombie (D)
  2 rats (D)
28 creatures vanquished.

Notes
Turn   | Place    | Note
-------+----------+-------------------------------------------
     0 | D        | rocky1 the Naga Shapeshifter began the quest for the Orb.
     0 | D        | Reached XP level 1. HP: 18/18 MP: 1/1
   256 | D        | Found a bloodstained altar of Trog.
   256 | D        | Found a shimmering blue altar of Sif Muna.
   256 | D        | Found a viscous altar of Jiyva.
   256 | D        | Found a hazy altar of Hepliaklqana.
   256 | D        | Found an opulent altar of Gozag.
   257 | D        | Found a glowing golden altar of the Shining One.
   257 | D        | Found a glowing silver altar of Zin.
   257 | D        | Found a basalt altar of Yredelemnul.
   257 | D        | Found a shimmering altar of Xom.
   257 | D        | Found an ornate altar of the Wu Jian Council.
   257 | D        | Found a sacrificial altar of Ru.
   257 | D        | Found a stormy altar of Qazlal.
   257 | D        | Found an iron altar of Okawaru.
   257 | D        | Found a sparkling altar of Nemelex Xobeh.
   257 | D        | Found a burning altar of Makhleb.
   257 | D        | Found a blossoming altar of Fedhas.
   257 | D        | Found a white marble altar of Elyvilon.
   257 | D        | Found a shadowy altar of Dithmenos.
   257 | D        | Found a snail-covered altar of Cheibriados.
   260 | D        | Found a corrupted altar of Lugonu.
   260 | D        | Found a radiant altar of Vehumet.
   261 | D        | Found an ancient bone altar of Kikubaaqudgha.
   261 | D        | Found a hide-covered altar of Uskayaw.
   261 | D        | Found a broken altar of Ashenzari.
   264 | D        | Became a worshipper of Gozag Ym Sagoz the Greedy
   311 | D        | Reached skill level 1 in Stealth
   311 | D        | Reached XP level 2. HP: 8/25 MP: 2/2
   782 | D        | Noticed a glass eye
   840 | D        | Killed a glass eye
   841 | D        | Reached skill level 5 in Stealth
   841 | D        | Reached skill level 8 in Unarmed Combat
   841 | D        | Reached skill level 5 in Shapeshifting
   841 | D        | Reached XP level 3. HP: 32/32 MP: 3/3
   841 | D        | Reached XP level 4. HP: 39/39 MP: 4/4
   841 | D        | Reached XP level 5. HP: 45/45 MP: 5/5
  1181 | D        | Reached XP level 6. HP: 36/52 MP: 6/6
  1307 | D        | Reached skill level 9 in Unarmed Combat
  1315 | D        | Reached skill level 10 in Unarmed Combat
  1581 | D        | Reached XP level 7. HP: 61/61 MP: 7/7
  1594 | D        | Reached skill level 11 in Unarmed Combat
  1709 | D        | Noticed a komodo dragon
  1709 | D        | Noticed a shadow wraith
  1721 | D        | Killed a shadow wraith
  1722 | D        | Reached skill level 5 in Armour
  1722 | D        | Reached skill level 13 in Unarmed Combat
  1722 | D        | Reached XP level 8. HP: 18/69 MP: 8/8
  1729 | D        | Killed a komodo dragon
  1730 | D        | Reached skill level 14 in Unarmed Combat
  2182 | D        | Noticed a cyclops
  2185 | D        | Hit by a large rock thrown by a cyclops

Illustrated notes

Levels and vault maps discovered:
D:        pitsprint [storerooms_1, entrance_room_1, metal_vault_3, armoury_2,
          mini_pit_1, grid_room_1, main_hall_1, silver_pit, the_coven_1,
          the_vestibule_1, steel_vault_2, golden_pit, hallway_of_sentries,
          crystal_vault_3, iron_vault_4, final_vault]

Skill      XL: |  1  2  3  4  5  6  7  8 |
---------------+-------------------------+-----
Stealth        | 1 5 6 7 |  7.0
Shapeshifting  | 5 6 7 |  7.6
Fighting       | 2 3 |  3.2
Armour         | 2 3 5 |  5.9
Dodging        | 2 3 |  3.8
Unarmed Combat | 8 10 13 14 | 14.1

Action                     |  1- 3 |  4- 6 |  7- 9 || total
---------------------------+-------+-------+-------++-------
  Melee: Unarmed           |    57 |    38 |    29 ||   124
         Punch             |       |       |     1 ||     1
Ability: Spit Poison       |       |       |     1 ||     1
    Use: Potion            |       |     1 |     4 ||     5
   Stab: Sleeping          |     1 |       |       ||     1
 Armour: Animal skin       |    17 |    11 |       ||    28
         Chain mail        |       |    31 |    26 ||    57
         Skin              |       |       |     6 ||     6
  Dodge: Dodged            |    12 |    20 |    10 ||    42

Table legend: (Time is in decaauts)
 A = Elapsed time spent in this place.
 B = Non-inter-level travel time spent in this place.
 C = Inter-level travel time spent in this place.
 D = Time resting spent in this place.
 E = Time spent auto-exploring this place.
 F = Levels seen in this place.
 G = Mean time per level.
                   A        B        C        D        E       F      G
               +--------+--------+--------+--------+--------+-----+--------+
         Total |   2287 |   2196 |     91 |   1720 |      0 |   1 | 2287.0 |
       Dungeon |   2287 |   2196 |     91 |   1720 |      0 |   1 | 2287.0 |
               +--------+--------+--------+--------+--------+-----+--------+

Top non-repeatable levels by time:
       D: 2287 daAuts
